 Dungeon Crawl Stone Soup version 0.24.0-13-gcf9b319 (webtiles) character file.

Game seed: 5389751685564995137, levelgen mode: deterministic

32 Fang the Skirmisher (level 3, -4/24 HPs)
             Began as a Gargoyle Berserker on Nov 21, 2019.
             Was a Follower of Trog.
             Slain by Sigmund
             ... wielding a +0 scythe
              (7 damage)
             ... on level 3 of the Dungeon.
             The game lasted 00:01:14 (815 turns).

Fang the Skirmisher (Gargoyle Berserker)             Turns: 815, Time: 00:01:15

Health: -4/24      AC: 12    Str: 21    XL:     3   Next: 27%
Magic:  3/3        EV:  8    Int:  7    God:    Trog [*.....]
Gold:   137        SH:  0    Dex:  9    Spells: 2/2 levels left

rFire    . . .     SeeInvis +   a - +0 hand axe
rCold    . . .     Gourm    .   (no shield)
rNeg     + . .     Faith    .   b - +0 chain mail
rPois    ∞         Spirit   .   (no helmet)
rElec    +         Reflect  .   (no cloak)
rCorr    .         Harm     .   (no gloves)
MR       .....                  (no boots)
Stlth    ..........             (no amulet)
HPRegen  0.08/turn              h - ring of see invisible
MPRegen  0.08/turn              (no ring)

@: berserk cooldown
A: negative energy resistance 1, electricity resistance, unbreathing,
petrification resistance, rot immunity, AC +3
a: Berserk, Renounce Religion


You were on level 3 of the Dungeon.
You worshipped Trog.
Trog was aware of your devotion.
You were very hungry.

You visited 1 branch of the dungeon, and saw 3 of its levels.

You collected 137 gold pieces.

Inventory:

Hand Weapons
 a - a +0 hand axe (weapon)
Armour
 b - a +0 chain mail (worn)
Jewellery
 h - a ring of see invisible (left hand)
Scrolls
 d - 2 scrolls of teleportation {unknown}
 g - 3 scrolls of remove curse {unknown}
 i - a scroll of amnesia {unknown}
 l - a scroll of immolation {unknown}
 p - a scroll of noise {unknown}
 q - a scroll of enchant weapon {unknown}
Potions
 e - a potion of invisibility {unknown}
 j - a potion of ambrosia {unknown}
 k - 2 potions of curing {unknown}
 m - a potion of heal wounds {unknown}
 n - a potion of agility {unknown}
 o - 2 potions of magic {unknown}
Comestibles
 c - 6 rations
 f - 3 chunks of flesh


   Skills:
 + Level 3.7 Fighting
 + Level 3.0 Axes
 + Level 2.7 Armour
 + Level 2.0 Dodging


You had 2 spell levels left.
You didn't know any spells.
Your spell library was empty.

Dungeon Overview and Level Annotations

Branches:
Dungeon (2/15)

Altars:

Annotations:
D:3 Sigmund


Innate Abilities, Weirdness & Mutations

You are resistant to torment.
Your stone body is resilient. (AC +3)
You are immune to poison.
You resist negative energy. (rN+)
You are resistant to electric shocks. (rElec)
You can survive without breathing.
You are immune to petrification.
You are immune to rotting.


Message History

You bump into the rock wall.
Sigmund casts a spell at you.
You are more confused.
You closely miss Sigmund.
Sigmund is heavily wounded.
Sigmund hits you but does no damage.
You feel yourself speed up. Sigmund closely misses you.
You bump into the rock wall.
Sigmund completely misses you. Sigmund hits you with a +0 scythe!
You bump into the rock wall.
You bump into the rock wall.
You feel less confused.
Sigmund points at you and mumbles some strange words.
The puff of flame hits you!
* * * LOW HITPOINT WARNING * * *
Sigmund says, "You will soon forget everything."
Sigmund hits you but does no damage.
Sigmund hits you from afar with a +0 scythe!
You die... #.# #h# #+# K.h

#.# #h######.#
#h##...#.########
#g##.#..........#
#@##.......####.#
#.###.#...## #.#
#.@...##.## #.###
########.# #....
#.# ##### #.# #.#
#.# #.. #..


You could see Sigmund (invisible), 3 jackals, a hobgoblin and a kobold.

Vanquished Creatures
  An ooze (D:1)
  A giant cockroach (D:2)
  3 goblins
  3 hobgoblins (D:1)
  3 kobolds
  A quokka (D:2)
  7 bats
  4 frilled lizards
  4 rats
27 creatures vanquished.

Notes
Turn   | Place    | Note
-------+----------+-------------------------------------------
     0 | D:1      | Fang the Gargoyle Berserker began the quest for the Orb.
     0 | D:1      | Reached XP level 1. HP: 14/14 MP: 1/1
    64 | D:1      | Reached XP level 2. HP: 17/19 MP: 2/2
   481 | D:2      | Reached XP level 3. HP: 22/23 MP: 3/3
   692 | D:2      | Reached ** piety under Trog
   762 | D:2      | You fall into a shaft and drop 1 floor!
   779 | D:3      | Noticed Sigmund
   815 | D:3      | Slain by Sigmund

Levels and vault maps discovered:
D:1:      dpeg_arrival_simpleton_b, layout_rooms
D:2:      layout_loops_cross, marbit_many_paths, first_ration
D:3:      layout_loops_corners, minitemple, minmay_checkerbox, uniq_grinder,
          uniq_sigmund

Skill      XL: |  1  2  3 |
---------------+----------+-----
Axes           | 3 |  3.0
Dodging        | 2 |  2.0
Fighting       | |  3.7
Armour         | |  2.7

Action                   || total
-------------------------++-------
Melee: Hand axe          ||   102
Invok: Berserk           ||     1
       Trog's Hand       ||     1
 Stab: Sleeping          ||     1
Armor: Animal skin       ||    18
       Chain mail        ||    35
Dodge: Dodged            ||    73
